 Dungeon Crawl Stone Soup version 0.29-a0-8-g0446c0dae4 (webtiles) character file.

Game seed: 8065194722523700237

91 a3don the Magician (level 4, -2/32 HPs)
             Began as a Djinni Fire Elementalist on Jan 27, 2022.
             Slain by Crazy Yiuf (11 damage)
             ... on level 2 of the Dungeon.
             The game lasted 00:04:42 (3861 turns).

a3don the Magician (Djinni Fire Elementalist)       Turns: 3861, Time: 00:04:44

Health: -2/32      AC:  3    Str:  7    XL:     4   Next: 87%
Gold:   65         EV: 12    Int: 18    God:
                   SH:  0    Dex: 14

rFire   + + .      SeeInvis .   h - +0 dagger
rCold   x . .      Faith    .   (no shield)
rNeg    . . .      Spirit   .   a - +0 robe
rPois   ∞          Reflect  .   q - +0 helmet
rElec   .          Harm     .   (no cloak)
rCorr   .          Rampage  .   (no gloves)
Will    .....                   (boots unavailable)
Stlth   ++........              (no amulet)
HPRegen 0.10/turn               (no ring)
MPRegen 0.00/turn               (no ring)

@: flying, very slightly contaminated
A: sickness immunity, fire resistance 2, cold vulnerability 1, float, innate
caster, hp casting, extra vitality 1
a: no special abilities


You were on level 2 of the Dungeon.
You visited 1 branch of the dungeon, and saw 3 of its levels.

You collected 65 gold pieces.

Inventory:

Hand Weapons
 h - a +0 dagger (weapon)
 m - a +0 spear
Missiles
 g - 59 stones
Armour
 a - a +0 robe (worn)
 q - a +0 helmet (worn)
Magical Staves
 o - a staff of death
Wands
 k - a wand of iceblast (9)
Scrolls
 b - a scroll of immolation {unknown}
 e - 2 scrolls of holy word {unknown}
 f - a scroll of teleportation {unknown}
 i - a scroll of vulnerability {unknown}
 l - a scroll of fear {unknown}
 p - a scroll of identify {unknown}
Potions
 c - a potion of haste {unknown}
 d - a potion of magic {unknown}
 j - 2 potions of heal wounds {unknown}
 n - a potion of brilliance {unknown}
 r - a potion of berserk rage {unknown}


   Skills:
 + Level 1.6 Fighting
 - Level 2.6 Dodging
 - Level 2.0 Stealth
 * Level 3.4 Spellcasting


You couldn't memorise any spells.
You knew the following spells:

 Your Spells              Type           Power      Damage    Failure   Level
a - Foxfire               Conj/Fire      60%        2x1d7     3%          1
b - Scorch                Fire           30%        2d6       6%          2
c - Conjure Flame         Conj/Fire      15%        6-21      12%         3
d - Inner Flame           Hex/Fire       15%        N/A       12%         3
e - Flame Wave            Conj/Fire      15%        2d6       36%         4
f - Animate Skeleton      Necr           30%        N/A       3%          1
Your spell library was empty.

Dungeon Overview and Level Annotations

Branches:
Dungeon (3/15)

Altars:

Annotations:
D:2 Crazy Yiuf


Innate Abilities, Weirdness & Mutations

You are immune to sickness and miasma.
You are immune to poison.
Your flesh is very heat resistant. (rF++)
You are vulnerable to cold. (rC-)
You float through the air rather than walking.
You learn spells naturally, not from books.
Your magical power is your life essence.
You have superior vitality. (+4 MHP)


Message History

Casting: Scorch (safe; 6% risk of failure)
Confirm with . or Enter, or press ? or * to list all spells.
Okay, then.
You see here a bat corpse.
There is an open door here.
A rat comes into view.
A rat is nearby!
A rat is nearby!
The rat bites you.
Casting: Scorch (safe; 6% risk of failure)
Confirm with . or Enter, or press ? or * to list all spells.
You conjure some foxfire!
The rat barely misses you.
You hit the rat but do no damage.
The foxfire hits the rat.
You kill the rat!
Your foxfire dissipates!
You see here a rat corpse.
Could not explore, unopened runed door.
Could not explore, unopened runed door.
Could not explore, unopened runed door.
As you open the door, it creaks loudly!
Casting: Foxfire (safe; 3% risk of failure)
Confirm with . or Enter, or press ? or * to list all spells.
Flames lash Crazy Yiuf.
Crazy Yiuf is moderately wounded.
Crazy Yiuf's fire resistance burns away.
Crazy Yiuf hits you with a +2 quarterstaff of chaos!
Ouch! That really hurt!
Casting: Scorch (safe; 6% risk of failure)
Confirm with . or Enter, or press ? or * to list all spells.
Flames lash Crazy Yiuf.
Crazy Yiuf is burned terribly!
Crazy Yiuf is severely wounded.
Crazy Yiuf closely misses you.
Casting: Scorch (safe; 6% risk of failure)
Confirm with . or Enter, or press ? or * to list all spells.
You miscast Scorch.
You are very lightly contaminated with residual magic.
Nothing appears to happen.
* * * LOW HITPOINT WARNING * * *
Crazy Yiuf hits you with a +2 quarterstaff of chaos!
You die...

#.# ##...... #.# #.....†.
#.###....... #### #####
#.##........ #..# #..)#
#.##........ #.## #...#
#........... #.# ...
#.###....... #.# #g#
#...###..... #.# ♣♣@♣
#.###.###... #.# ♣.♣♣ #.#
#.# ###. #.# ♣♣.♣ #.###.# ##
####.## ♣.♣♣ #.....# #<
#.....# ♣♣.♣♣ #..#### #.
#.....# ♣...♣♣ #...## #.
#..#.## ♣....♣ #....## ##.
#..#.## #....# #.....####..
#..#..####..#####.....'....>


You could see Crazy Yiuf (combustible).

Vanquished Creatures
  Robin (D:2)
  A gnoll (D:2)
  2 adders (D:2)
  5 ball pythons
  5 bats
  4 endoplasms
  2 giant cockroaches
  8 goblins
  7 hobgoblins
  2 jackals (D:2)
  A kobold (D:1)
  A quokka (D:2)
  4 frilled lizards
  5 rats
48 creatures vanquished.

Vanquished Creatures (others)
  165 foxfires
165 creatures vanquished.

Grand Total: 213 creatures vanquished

Notes
Turn   | Place    | Note
-------+----------+-------------------------------------------
     0 | D:1      | a3don the Djinni Fire Elementalist began the quest for the
                  | Orb.
     0 | D:1      | Reached XP level 1. HP: 15/15 MP: 0/0
   245 | D:1      | Reached XP level 2. HP: 17/21 MP: 0/0
  1582 | D:2      | Reached XP level 3. HP: 16/25 MP: 0/0
  1582 | D:2      | Learned a level 1 spell: Animate Skeleton
  2111 | D:2      | Reached skill level 3 in Spellcasting
  2341 | D:2      | Reached skill level 1 in Fighting
  2346 | D:2      | Reached XP level 4. HP: 13/32 MP: 0/0
  2699 | D:2      | Noticed Robin
  2709 | D:2      | Killed Robin
  3485 | D:2      | Found a runed translucent door.
  3486 | D:2      | Noticed Crazy Yiuf
  3861 | D:2      | Slain by Crazy Yiuf

Illustrated notes

Levels and vault maps discovered:
D:1:      scummos_arrival_forest, layout_basic
D:2:      minmay_skewed_foursquare, layout_loops_corners,
          uniq_crazy_yiuf_cottage, uniq_robin
D:3:      layout_basic, worldfamousw_hep_ancestral_shrine,
          kennysheep_cross_room, grunt_ministairs_3

Skill      XL: |  1  2  3 |
---------------+----------+-----
Stealth        | 2 |  2.0
Spellcasting   | 3 |  3.4
Fighting       | 1 |  1.6
Dodging        | |  2.6

Action                   |  1- 3 |  4- 6 || total
-------------------------+-------+-------++-------
Melee: Dagger            |     4 |     1 ||     5
 Cast: Foxfire           |    79 |    35 ||   114
       Scorch            |     6 |     5 ||    11
Armor: Robe              |     3 |     1 ||     4
Dodge: Dodged            |    13 |     7 ||    20

Table legend: (Time is in decaauts)
 A = Elapsed time spent in this place.
 B = Non-inter-level travel time spent in this place.
 C = Inter-level travel time spent in this place.
 D = Time resting spent in this place.
 E = Time spent auto-exploring this place.
 F = Levels seen in this place.
 G = Mean time per level.
                   A        B        C        D        E       F      G
               +--------+--------+--------+--------+--------+-----+--------+
         Total |   3862 |   3566 |    296 |    186 |   3081 |   3 | 1287.3 |
       Dungeon |   3862 |   3566 |    296 |    186 |   3081 |   3 | 1287.3 |
               +--------+--------+--------+--------+--------+-----+--------+

Top non-repeatable levels by time:
     D:2: 1989 daAuts
     D:1: 1871 daAuts
     D:3: 1 daAuts
